 Dungeon Crawl Stone Soup version 0.31.0-9-g3a7656b989 (webtiles) character file.

Game seed: 15893850936346399291

919 Amaterasu the Cudgeller (level 8, -1/48 HPs)
             Began as a Gargoyle Fighter on Jan 24, 2024.
             Was an Initiate of Makhleb.
             Slain by Menkaure (10 damage)
             ... on level 5 of the Dungeon.
             The game lasted 00:06:57 (3690 turns).

Amaterasu the Cudgeller (Gargoyle Fighter)          Turns: 3690, Time: 00:06:58

Health: -1/48      AC: 17    Str: 25    XL:     8   Next: 9%
Magic:  9/9        EV:  7    Int:  9    God:    Makhleb [......]
Gold:   314        SH:  9    Dex:  8    Spells: 7/7 levels left

rFire   + . .        a - +0 flail
rCold   . . .        c - +0 buckler
rNeg    + . .        o - +0 plate armour
rPois   ∞            (no helmet)
rElec   +            (no cloak)
rCorr   .            (no gloves)
SInv    +            (no boots)
Will    .....        f - amulet of reflection Stlth
                     k - ring of see invisible
HPRegen 0.28/turn    (no ring)
MPRegen 0.11/turn

%: reflection
@: no status effects
A: sickness immunity, AC +5, negative energy resistance 1, electricity
resistance, torment resistance 1, petrification resistance, fire resistance 1,
strong 1
a: Renounce Religion


You were on level 5 of the Dungeon.
You worshipped Makhleb.
Makhleb was noncommittal.
You visited 2 branches of the dungeon, and saw 6 of its levels.

You collected 314 gold pieces.

Inventory:

Hand Weapons
 a - a +0 flail (weapon)
Armour
 c - a +0 buckler (worn)
 o - a +0 plate armour (worn)
Jewellery
 f - an amulet of reflection (around neck)
 k - a ring of see invisible (left hand)
 m - a +6 ring of intelligence
Scrolls
 d - 3 scrolls of enchant armour
 g - a scroll of teleportation
 l - a scroll of fog
Potions
 e - a potion of mutation
 h - a potion of cancellation {unknown}
 i - a potion of curing
 j - a potion of magic
 n - a potion of lignification {unknown}


   Skills:
 * Level 4.8 Fighting
 * Level 5.8 Maces & Flails
 * Level 5.0 Armour
 * Level 2.2 Dodging
 * Level 5.2 Shields
 * Level 1.8 Invocations


You had 7 spell levels left.
You didn't know any spells.
Your spell library contained the following spells:

 Spells                   Type           Power      Damage    Failure   Level
 Freeze                   Ice            0%         1d3       100%        1
 Kiss of Death            Conj/Necr      0%         2d5       100%        1
 Confusing Touch          Hex            0%         N/A       100%        3
 Frozen Ramparts          Ice            0%         1d1       100%        3
 Fugue of the Fallen      Necr           0%         N/A       100%        3
 Hailstorm                Conj/Ice       0%         3d5       100%        3
 Ozocubu's Armour         Ice            0%         N/A       100%        3
 Dispel Undead            Necr           0%         3d6       100%        4
 Manifold Assault         Tloc           0%         N/A       100%        4


Dungeon Overview and Level Annotations

Branches:
Dungeon (5/15)             Temple (1/1) D:4

Altars:
Dithmenos
Elyvilon
Fedhas
Hepliaklqana
Kikubaaqudgha
Makhleb
Nemelex Xobeh
Okawaru
Qazlal
Sif Muna
Xom
Zin
The Shining One

Shops:
D:1 !

Annotations:
D:5 Menkaure


Innate Abilities, Weirdness & Mutations

You are immune to sickness and miasma.
Your stone body is resilient. (AC +5)
You are immune to poison.
You resist negative energy. (rN+)
You are resistant to electric shocks. (rElec)
You are resistant to unholy torment.
You are immune to petrification.
Your flesh is heat resistant. (rF+)
Your muscles are strong. (Str +4, Int/Dex -1)


Message History

The scorpion stings you but does no damage.
You closely miss the scorpion.
The scorpion is heavily wounded.
The scorpion completely misses you.
You sock the scorpion!
You kill the scorpion!
Makhleb accepts your kill.
No target in view!
No target in view!
You now have 299 gold pieces (gained 13).
You now have 314 gold pieces (gained 15).
Menkaure, Prince of Dust comes into view.
Menkaure shouts!
You hear a howl!
An iguana comes into view.
An adder comes into view.
The adder hisses angrily.
The iguana hisses angrily.
You block Menkaure's attack.
You completely miss Menkaure. You hit Menkaure.
Menkaure is lightly damaged.
A jelly comes into view.
Menkaure hits you!
The jelly quivers.
You hit Menkaure.
Menkaure is moderately damaged.
Menkaure hits you!
You barely miss Menkaure.
Menkaure is moderately damaged.
Menkaure hits you!
The iguana hisses menacingly.
You are too injured to fight recklessly!
You are too injured to fight recklessly!
You are too injured to fight recklessly!
You sock Menkaure!
Menkaure is almost destroyed.
Menkaure hits you.
* * * LOW HITPOINT WARNING * * *
You closely miss Menkaure.
Menkaure is almost destroyed.
Menkaure hits you!
You die... #...# #.#. #.#. #.. .lJ

#S# #M# #@# #.#
#.# ####.#
#....#.# ##......#
. #...##### ....
#....#
#....####.##....##


You could see Menkaure, an iguana, a jelly and an adder.

Vanquished Creatures
  Pargi (D:3)
  An orc warrior (D:4)
  An ogre (D:5)
  3 scorpions
  A bombardier beetle (D:3)
  A hound (D:4)
  A jelly (D:5)
  2 orc priests
  3 iguanas
  An orc wizard (D:4)
  Robin (D:3)
  3 gnolls (D:5)
  2 adders
  2 ufetubi (D:5)
  2 dart slugs (D:2)
  3 ribbon worms
  19 orcs
  12 ball pythons
  4 bats
  6 endoplasms
  3 giant cockroaches
  14 goblins
  10 hobgoblins
  2 jackals (D:1)
  8 kobolds
  2 quokkas (D:2)
  5 frilled lizards
  5 rats
118 creatures vanquished.

Vanquished Creatures (others)
  An orc wizard (D:3)
1 creature vanquished.

Grand Total: 119 creatures vanquished

Notes
Turn   | Place    | Note
-------+----------+-------------------------------------------
     0 | D:1      | Amaterasu the Gargoyle Fighter began the quest for the Orb.
     0 | D:1      | Reached XP level 1. HP: 14/14 MP: 1/1
    35 | D:1      | You fall into a shaft and drop 1 floor!
   106 | D:2      | Reached XP level 2. HP: 19/19 MP: 2/2
   326 | D:1      | Reached XP level 3. HP: 23/23 MP: 3/3
   386 | D:1      | Found Haibrute's Distillery.
   905 | D:2      | Identified the +2 robe "Zyatoll" {Rampage rElec rF- Str+2}
  1111 | D:2      | Reached XP level 4. HP: 23/29 MP: 4/4
  1184 | D:2      | Found a faded altar of an unknown god.
  1454 | D:3      | Noticed Pargi
  1474 | D:3      | Killed Pargi
  1475 | D:3      | Reached skill level 1 in Dodging
  1475 | D:3      | Reached XP level 5. HP: 19/33 MP: 5/5
  1616 | D:3      | Found a white marble altar of Elyvilon.
  1625 | D:3      | Noticed Robin
  1662 | D:3      | Reached XP level 6. HP: 35/38 MP: 6/6
  1672 | D:3      | Killed Robin
  2109 | D:3      | Gained mutation: Your muscles are strong. (Str +4, Int/Dex
                  | -1) [potion of mutation]
  2109 | D:3      | Gained mutation: Your flesh is heat resistant. (rF+)
                  | [potion of mutation]
  2152 | D:4      | Found a sparkling altar of Nemelex Xobeh.
  2269 | D:4      | Found a staircase to the Ecumenical Temple.
  2278 | Temple   | Entered the Ecumenical Temple
  2307 | Temple   | Became a worshipper of Makhleb the Destroyer
  2398 | D:4      | Reached skill level 5 in Maces & Flails
  2468 | D:4      | Reached XP level 7. HP: 44/44 MP: 7/7
  3070 | D:5      | Entered Level 5 of the Dungeon
  3079 | D:5      | Reached skill level 1 in Invocations
  3576 | D:5      | Reached skill level 5 in Shields
  3581 | D:5      | Reached XP level 8. HP: 30/48 MP: 9/9
  3588 | D:5      | Reached skill level 5 in Armour
  3681 | D:5      | Noticed Menkaure
  3690 | D:5      | Slain by Menkaure

Illustrated notes

Levels and vault maps discovered:
D:1:      ncdulo_halloftheorcs, layout_basic, serial_shops,
          nicolae_shop_crystal, serial_glass, glass_columns_a, glass_columns_c,
          item_on_display_a, minmay_statues_item
D:2:      layout_basic, hellmonk_ecumenical_altar_defaced_shrine
D:3:      layout_rooms, mainiacjoe_overflow_chevrons, st_stairs_5,
          minmay_misc_feat_rugged, uniq_robin, uniq_pargi
D:4:      layout_basic, old_standard_altar, minmay_temple_entry_mini_moons
D:5:      layout_rooms, nicolae_overflow_crystal_walls, grunt_ministairs_14,
          uniq_menkaure
Temple:   nicolae_temple_bog_church

Skill      XL: |  1  2  3  4  5  6  7  8 |
---------------+-------------------------+-----
Maces & Flails | 3 4 5 |  5.8
Fighting       | 4 |  4.8
Dodging        | 1 2 |  2.2
Armour         | 4 5 |  5.0
Shields        | 4 5 |  5.2
Invocations    | 1 |  1.8

Action                     |  1- 3 |  4- 6 |  7- 9 || total
---------------------------+-------+-------+-------++-------
  Melee: Flail             |   148 |   210 |   112 ||   470
    Use: Scroll            |     6 |     4 |     2 ||    12
         Potion            |       |     1 |       ||     1
 Armour: Scale mail        |   121 |   173 |    31 ||   325
         Plate armour      |       |       |    60 ||    60
  Dodge: Dodged            |    86 |   107 |    55 ||   248
  Block: Buckler           |    35 |    84 |    77 ||   196
         Reflection        |       |       |     1 ||     1
